 Dungeon Sprint DCSS version 0.30-a0-883-g5ad918d77d (webtiles) character file.

Game seed: 8923073338905804645

630 rocky1 the Fencer (level 7, -2/69 HPs)
             Began as a Minotaur Gladiator on Mar 16, 2023.
             Was an Initiate of Gozag.
             Slain by a human (6 damage)
             ... in the Dungeon (Sprint III: "The Ten Rune Challenge").
             The game lasted 00:02:48 (715 turns).

rocky1 the Fencer (Minotaur Gladiator)               Turns: 715, Time: 00:02:48

Health: -2/69      AC:  4    Str: 17    XL:     7   Next: 24%
Magic:  6/6        EV: 15    Int:  4    God:    Gozag
Gold:   287        SH:  0    Dex: 18    Spells: 6/6 levels left

rFire   . . .      SeeInvis .    a - +0 long sword
rCold   . . .      Faith    .    (no shield)
rNeg    . . .      Spirit   .    b - +0 leather armour
rPois   .          Reflect  .    c - +0 hat
rElec   .          Rampage  .    m - +0 cloak {rCorr}
rCorr   +          NoTele   +    (no gloves)
Will    .....                    (no boots)
Stlth   +                        (no amulet)
HPRegen 0.31/turn                (no ring)
MPRegen 0.10/turn                (no ring)

@: gold aura, hasted, very quick
A: horns 2, retaliatory headbutt, agile 1, robust 1
a: Renounce Religion, Potion Petition, Call Merchant, Bribe Branch


You were in the Dungeon.
You worshipped Gozag.
Gozag was aware of your devotion.
You visited 1 branch You collected 287 gold pieces.

Inventory:

Hand Weapons
 a - a +0 long sword (weapon)
Missiles
 d - a throwing net (quivered)
 e - a javelin
Armour
 b - a +0 leather armour (worn)
 c - a +0 hat (worn)
 m - a +0 cloak of preservation (worn)
Wands
 j - a wand of flame (15)
Scrolls
 k - a scroll of blinking
 l - 3 scrolls of identify {unknown}
 n - 3 scrolls of immolation {unknown}
 p - a scroll of amnesia {unknown}
Potions
 i - 2 potions of magic
 o - 3 potions of flight
 q - 4 potions of mutation
Miscellaneous
 g - a phial of floods


   Skills:
 + Level 6.0 Fighting
 + Level 16.1 Long Blades
 - Level 2.0 Throwing
 + Level 5.3 Armour
 + Level 6.0 Dodging


You had 6 spell levels left.
You didn't know any spells.
Your spell library was empty.

Dungeon Overview and Level Annotations

Branches:
Dungeon (1/1)

Altars:
Cheibriados
Dithmenos
Fedhas
Gozag
Hepliaklqana
Makhleb
Nemelex Xobeh
Okawaru
Qazlal
Ru
Trog
Uskayaw
Wu Jian
Xom
Yredelemnul
Jiyva
Lugonu


Innate Abilities, Weirdness & Mutations

You have a pair of horns on your head.
You reflexively headbutt those who attack you in melee.
You are agile. (Dex +4, Str/Int -1)
You are robust. (+10% HP)


Message History

You barely miss the human.
The human is severely wounded.
The human hits you.
* * * LOW HITPOINT WARNING * * *
You feel better. The human closely misses you. You furiously retaliate!
You headbutt the human! You hit the human but do no damage.
The human is almost dead.
You barely miss the human. You headbutt the human.
You kill the human!
Your Fighting skill increases to level 6!
Your Long Blades skill increases to level 16!
Your Armour skill increases to level 5!
Your Dodging skill increases to level 6!
You have reached level 7!
You hit the human.
The human is lightly wounded.
You hit the human. You headbutt the human.
The human is moderately wounded.
The human hits you but does no damage.
You hit the human but do no damage.
The human is moderately wounded.
You barely miss the human.
The human is moderately wounded.
The human hits you!
* * * LOW HITPOINT WARNING * * *
You hit the human.
You headbutt the human, but do no damage.
The human is heavily wounded.
You slash the human!
The human is heavily wounded.
The human hits you.
* * * LOW HITPOINT WARNING * * *
You closely miss the human.
The human is heavily wounded.
You hit the human.
The human is severely wounded.
The human hits you.
You die...
Your body crumbles into a pile of gold.

▓▓▓▓▓▓▓▓▓▓▓▓ ▓▓▓ <.#..'...♣.♣
♣.# ########$ ..#..#....♣ ♣@#
#___#__# $$ #'####....♣♣ ♣♣p#
#__)#._# $
.†...#....~♣♣♣♣..###+#'###)##$
.....#)..~~♣.♣♣..#..........#
.....#..~~~~♣♣♣..'.⌠........#
$
####'#..~≈≈~~~♣..#...######'#$
....†#.~~≈~~~....#.⌠.#__#...#
.....#.~≈~~~.....#...#__#...#
.....#.~~~.......#+###__#...#


You could see a human (strong).

Vanquished Creatures
  A shadow (D)
  A spatial vortex (D)
  A water elemental (D)
  A necrophage (D)
  A jelly (D)
  A necromancer (D)
  Crazy Yiuf (D)
  2 humans (D)
  4 rats (D)
13 creatures vanquished.

Notes
Turn   | Place    | Note
-------+----------+-------------------------------------------
     0 | D        | rocky1 the Minotaur Gladiator began the quest for the Orb.
     0 | D        | Reached XP level 1. HP: 18/18 MP: 0/0
     4 | D        | Reached skill level 4 in Long Blades
    25 | D        | Reached skill level 5 in Long Blades
    59 | D        | Reached skill level 7 in Long Blades
    59 | D        | Reached XP level 2. HP: 25/25 MP: 1/1
    62 | D        | Noticed Crazy Yiuf
    69 | D        | Killed Crazy Yiuf
    70 | D        | Reached skill level 9 in Long Blades
    70 | D        | Reached XP level 3. HP: 30/30 MP: 2/2
    96 | D        | Gained mutation: You have hidden genetic potential. [potion
                  | of mutation]
   113 | D        | Noticed a water elemental
   117 | D        | Killed a water elemental
   118 | D        | Reached skill level 11 in Long Blades
   118 | D        | Reached XP level 4. HP: 37/37 MP: 3/3
   133 | D        | Gained mutation: You are robust. (+10% HP) [hidden
                  | potential]
   180 | D        | Reached skill level 12 in Long Blades
   295 | D        | Noticed a shadow
   309 | D        | Killed a shadow
   310 | D        | Reached skill level 15 in Long Blades
   310 | D        | Reached XP level 5. HP: 18/46 MP: 4/4
   310 | D        | Reached XP level 6. HP: 22/55 MP: 5/5
   320 | D        | Gained mutation: You are agile. (Dex +4, Str/Int -1)
                  | [hidden potential]
   320 | D        | Lost mutation: You have hidden genetic potential. [hidden
                  | potential expressed]
   425 | D        | Found a blossoming altar of Fedhas.
   425 | D        | Found a stormy altar of Qazlal.
   425 | D        | Found a snail-covered altar of Cheibriados.
   425 | D        | Found a burning altar of Makhleb.
   425 | D        | Found a shimmering altar of Xom.
   425 | D        | Noticed a spatial vortex
   426 | D        | Found a hazy altar of Hepliaklqana.
   426 | D        | Found an opulent altar of Gozag.
   426 | D        | Found a sparkling altar of Nemelex Xobeh.
   426 | D        | Found a corrupted altar of Lugonu.
   426 | D        | Found a viscous altar of Jiyva.
   433 | D        | Became a worshipper of Gozag Ym Sagoz the Greedy
   439 | D        | Killed a spatial vortex
   561 | D        | Found a basalt altar of Yredelemnul.
   561 | D        | Found a shadowy altar of Dithmenos.
   561 | D        | Found a sacrificial altar of Ru.
   566 | D        | Reached skill level 5 in Dodging
   569 | D        | Reached skill level 5 in Fighting
   679 | D        | Found a hide-covered altar of Uskayaw.
   679 | D        | Found an iron altar of Okawaru.
   679 | D        | Found a bloodstained altar of Trog.
   679 | D        | Found an ornate altar of the Wu Jian Council.
   679 | D        | Noticed a human
   680 | D        | Noticed a human
   707 | D        | Killed a human
   708 | D        | Reached skill level 16 in Long Blades
   708 | D        | Reached skill level 5 in Armour
   708 | D        | Reached XP level 7. HP: 14/69 MP: 6/6
   715 | D        | Slain by a human

Illustrated notes

Levels and vault maps discovered:
D:        dungeon_sprint_mu [sprint_mu_entry_forest, sprint_mu_temple_rooms,
          sprint_mu_d1_horrors, sprint_mu_d2_genie, sprint_mu_d3_branching,
          sprint_mu_orc_legion, sprint_mu_elf_gauntlet, sprint_mu_hive_nellie,
          sprint_mu_lair_fedhas, sprint_mu_vaults_butterflies,
          sprint_mu_slime_circle, sprint_mu_swamp_cave, sprint_mu_shoals_archi,
          sprint_mu_blade_basic, sprint_mu_crypt_chambers,
          sprint_mu_tomb_spiral, sprint_mu_vestibule_basic,
          sprint_mu_gehenna_hellfire, sprint_mu_dis_giant,
          sprint_mu_tartarus_statrot, sprint_mu_cocytus_islands, sprint_mu_zot1]

Skill      XL: |  1  2  3  4  5  6 |
---------------+-------------------+-----
Long Blades    | 7 9 11 15 16 | 16.1
Fighting       | 6 |  6.0
Armour         | 5 |  5.3
Dodging        | 6 |  6.0
Throwing       | |  2.0

Action                     |  1- 3 |  4- 6 |  7- 9 || total
---------------------------+-------+-------+-------++-------
  Melee: Long sword        |    17 |    44 |     8 ||    69
         Headbutt          |     5 |    10 |     2 ||    17
  Throw: Throwing net      |     2 |       |       ||     2
    Use: Potion            |     2 |     3 |       ||     5
   Stab: Held in net/web   |     1 |       |       ||     1
 Armour: Leather armour    |       |     1 |     1 ||     2
  Dodge: Dodged            |     5 |    17 |       ||    22

Table legend: (Time is in decaauts)
 A = Elapsed time spent in this place.
 B = Non-inter-level travel time spent in this place.
 C = Inter-level travel time spent in this place.
 D = Time resting spent in this place.
 E = Time spent auto-exploring this place.
 F = Levels seen in this place.
 G = Mean time per level.
                   A        B        C        D        E       F      G
               +--------+--------+--------+--------+--------+-----+--------+
         Total |    708 |    708 |      0 |    474 |     33 |   1 |  708.0 |
       Dungeon |    708 |    708 |      0 |    474 |     33 |   1 |  708.0 |
               +--------+--------+--------+--------+--------+-----+--------+

Top non-repeatable levels by time:
       D: 708 daAuts
